 Dungeon Crawl Stone Soup version 0.30-a0-585-g93115170b9 (webtiles) character file.

Game seed: 6056920737134633439

529 wormed the Changer (level 7, -1/46 HPs)
             Began as an Octopode Transmuter on Jan 2, 2023.
             Was an Initiate of Gozag.
             Slain by a vampire (3 damage)
             ... on level 5 of the Dungeon.
             The game lasted 00:07:39 (4448 turns).

wormed the Changer (Octopode Transmuter)            Turns: 4448, Time: 00:07:39

Health: -1/46      AC:  1    Str:  9    XL:     7   Next: 24%
Magic:  19/20      EV: 14    Int: 18    God:    Gozag
Gold:   280        SH:  5    Dex: 18    Spells: 3/12 levels left

rFire   . . .      SeeInvis .    s - +2 dagger (venom)
rCold   . . .      Faith    .    (no shield)
rNeg    . . .      Spirit   .    (helmet currently unavailable)
rPois   .          Reflect  +    n - amulet of reflection
rElec   .          Harm     .    j - ring of willpower
rCorr   .          Rampage  .    p - +6 ring of dexterity
Will    +....                    v - ring of magical power
Stlth   ++++                     (no ring)
HPRegen 0.27/turn                (no ring)
MPRegen 0.17/turn                (no ring)
                                 (no ring)
                                 (no ring)

@: appendages, wereblooded
A: tentacle spike 3, almost no armour, amphibious, 8 rings, camouflage 1,
gelatinous body 1, (nimble swimmer 1), tentacles
a: End Transformation, Renounce Religion, Potion Petition, Call Merchant, Bribe
Branch


You were on level 5 of the Dungeon.
You worshipped Gozag.
Gozag was aware of your devotion.
One of your tentacles had grown a beastly spike.
You visited 2 branches of the dungeon, and saw 6 of its levels.

You collected 405 gold pieces.
You paid 125 gold pieces to Gozag.

Inventory:

Hand Weapons
 e - a +0 dagger
 m - a +1 dagger of draining
 s - a +2 dagger of venom (weapon)
Jewellery
 a - a ring of protection from fire
 j - a ring of willpower (left tentacle)
 n - an amulet of reflection (around mantle)
 p - a +6 ring of dexterity (right tentacle)
 v - a ring of magical power (on tentacle)
Wands
 x - a wand of charming (9)
Scrolls
 k - 2 scrolls of fear {unknown}
 l - a scroll of silence {unknown}
 q - a scroll of torment {unknown}
 r - 4 scrolls of poison {unknown}
 u - a scroll of teleportation {unknown}
Potions
 c - 2 potions of resistance
 d - 2 potions of degeneration
 f - 2 potions of curing
 g - 2 potions of haste
 i - a potion of berserk rage
 o - a potion of mutation
 t - a potion of might {unknown}
 w - a potion of ambrosia {unknown}


   Skills:
 + Level 3.0 Fighting
 + Level 3.5 Dodging
 + Level 3.9 Stealth
 - Level 3.0 Unarmed Combat
 + Level 3.3 Spellcasting
 * Level 4.7 Transmutations
 + Level 0.0 Ice Magic


You had 3 spell levels left.
You knew the following spells:

 Your Spells              Type           Power      Damage    Failure   Level
a - Beastly Appendage     Tmut           40%        N/A       2%          1
b - Wereblood             Tmut           20%        N/A       3%          2
c - Ice Form              Ice/Tmut       11%        N/A       52%         4
d - Blink                 Tloc           4%         N/A       24%         2

Your spell library contained the following spells:

 Spells                   Type           Power      Damage    Failure   Level
 Passwall                 Tmut/Erth      9%         N/A       9%          2
 Spider Form              Tmut/Pois      11%        N/A       19%         3
 Ensorcelled Hibernation  Hex/Ice        4%         N/A       24%         2
 Momentum Strike          Conj/Tloc      4%         3d8       24%         2
 Lesser Beckoning         Tloc           4%         N/A       43%         3
 Swiftness                Air            2%         N/A       43%         3
 Tukima's Dance           Hex            2%         N/A       43%         3
 Passage of Golubria      Tloc           2%         N/A       85%         4
 Yara's Violent Unravell  Hex/Tmut       5%         3d4       86%         5


Dungeon Overview and Level Annotations

Branches:
Dungeon (5/15)             Temple (1/1) D:4

Altars:
Ashenzari
Dithmenos
Elyvilon
Gozag
Hepliaklqana
Kikubaaqudgha
Makhleb
Nemelex Xobeh
Okawaru
Qazlal
Ru
Sif Muna
Vehumet
Wu Jian
Xom
Yredelemnul
The Shining One


Innate Abilities, Weirdness & Mutations

One of your tentacles has grown a beastly spike.
You cannot wear most types of armour.
You are amphibious.
You can wear up to eight rings at the same time.
Your skin changes colour to match your surroundings (Stealth+).
Your rubbery body absorbs attacks. (AC +1, EV +1)
((You are camouflaged when in or above water. (Stealth+)))
You have tentacles for arms and can constrict up to eight enemies at once.


Message History

The vampire draws strength from your injuries!
You hit the vampire.
The vampire is lightly damaged.
You constrict the vampire, but do no damage.
You block the vampire's attack. The vampire bites you!
The vampire draws strength from your injuries!
You hit the vampire but do no damage.
You pierce the vampire.
You squeeze the vampire, but do no damage.
The vampire is lightly damaged.
You constrict the vampire, but do no damage.
The vampire barely misses you. The vampire bites you.
The vampire draws strength from your injuries!
You hit the vampire but do no damage.
The vampire is lightly damaged.
You constrict the vampire, but do no damage.
The vampire misses you. The vampire bites you.
The vampire draws strength from your injuries!
Okay, then.
You barely miss the vampire.
You squeeze the vampire, but do no damage.
The vampire is lightly damaged.
You constrict the vampire.
The vampire mumbles some strange words.
The vampire flickers and vanishes!
Deactivating autopickup; reactivate with Ctrl-A.
You hit something. You squeeze something. You constrict something.
Something hits you!
* * * LOW HITPOINT WARNING * * *
Something bites you.
* * * LOW HITPOINT WARNING * * *
Something draws strength from your injuries!
You feel much better.
You constrict something. Something hits you. Something bites you!
Something draws strength from your injuries!
You hit something but do no damage. Your squeeze misses something.
You constrict something. Something hits you!
* * * LOW HITPOINT WARNING * * *
Something bites you.
You die...
Your body crumbles into a pile of gold.

##..###
###..?..####
#..........####
.............
..........
#...... #...{#
#..@# #...#
#..## #...#
##.<## ##..##
##..## ##..##
##..##


There were no monsters in sight!

Vanquished Creatures
  A water moccasin (D:4)
  3 hounds (D:4)
  An orc priest (D:4)
  A gnoll bouda (D:4)
  An iguana (D:4)
  An orc wizard (D:4)
  5 gnolls (D:4)
  9 adders
  A worm (D:2)
  A dart slug (D:2)
  4 orcs
  8 endoplasms
  3 giant cockroaches
  12 goblins
  13 hobgoblins
  7 jackals
  15 kobolds
  9 quokkas
  4 ball pythons
  A bat (D:2)
  5 frilled lizards
  4 rats
109 creatures vanquished.

Vanquished Creatures (others)
  A hound (D:4)
  A fungus (D:1)
2 creatures vanquished.

Grand Total: 111 creatures vanquished

Notes
Turn   | Place    | Note
-------+----------+-------------------------------------------
     0 | D:1      | wormed the Octopode Transmuter began the quest for the Orb.
     0 | D:1      | Reached XP level 1. HP: 13/13 MP: 3/3
    75 | D:1      | Reached XP level 2. HP: 11/18 MP: 3/5
   357 | D:1      | Reached skill level 1 in Stealth
   464 | D:1      | Found a faded altar of an unknown god.
   737 | D:1      | Reached XP level 3. HP: 16/23 MP: 4/6
  1156 | D:2      | Learned a level 2 spell: Wereblood
  1338 | D:2      | Reached XP level 4. HP: 9/29 MP: 3/7
  1438 | D:2      | Reached skill level 3 in Transmutations
  1446 | D:2      | Learned a level 4 spell: Ice Form
  1977 | D:3      | Found an iron altar of Okawaru.
  2782 | D:3      | Found a shimmering blue altar of Sif Muna.
  2832 | D:3      | Reached XP level 5. HP: 34/34 MP: 4/8
  3349 | D:4      | Noticed a water moccasin
  3592 | D:4      | Killed a water moccasin
  3593 | D:4      | Reached skill level 4 in Transmutations
  3593 | D:4      | Reached XP level 6. HP: 39/41 MP: 10/10
  3615 | D:4      | HP: 3/61 [gnoll/+0 spear[a gnoll bouda] (3)]
  3788 | D:4      | Reached XP level 7. HP: 27/45 MP: 11/11
  4172 | D:4      | Found a staircase to the Ecumenical Temple.
  4345 | Temple   | Entered the Ecumenical Temple
  4362 | Temple   | Became a worshipper of Gozag Ym Sagoz the Greedy
  4397 | D:4      | Learned a level 2 spell: Blink
  4410 | D:5      | Entered Level 5 of the Dungeon
  4436 | D:5      | Noticed a vampire
  4446 | D:5      | HP: 2/46 [something (1)]
  4448 | D:5      | Slain by a vampire

Illustrated notes

Levels and vault maps discovered:
D:1:      roderic_crossed_star, layout_loops_ring,
          shapermc_ecumenical_altar_mp_urbaneastern
D:2:      layout_rooms
D:3:      cheibrodos_greedy_goblins, layout_loops_ring,
          mainiacjoe_overflow_six_doors_small, mainiacjoe_overflow_alcove_2,
          hangedman_decor_peaks_small, minivault_26
D:4:      layout_cave_pools, lemuel_temple_firewalk_b, serial_column_ruins,
          column_ruins_hut_water, column_ruins_grid_1, column_ruins_grid_1,
          column_ruins_corridor_dead_end, column_ruins_columns_corner,
          column_ruins_grid_2, column_ruins_open_tiny, minmay_increasing_density
D:5:      black_bear_nest_1, layout_layer_cave, minmay_small_thing
Temple:   minmay_freezing_vapour_temple

Skill      XL: |  1  2  3  4  5  6  7 |
---------------+----------------------+-----
Stealth        | 1 2 3 |  3.9
Transmutations | 3 4 |  4.7
Fighting       | 2 3 |  3.0
Dodging        | 3 |  3.5
Spellcasting   | 3 |  3.3
Unarmed Combat | |  3.0

Action                   |  1- 3 |  4- 6 |  7- 9 || total
-------------------------+-------+-------+-------++-------
Melee: Unarmed           |    17 |       |       ||    17
       Kick              |    19 |    33 |     9 ||    61
       Constrict         |    21 |    33 |     8 ||    62
       Punch             |     3 |     3 |     1 ||     7
       Tentacles         |    17 |    21 |    10 ||    48
       Dagger            |    67 |   138 |    28 ||   233
 Cast: Beastly Appendage |    20 |    30 |     5 ||    55
       Wereblood         |     4 |    26 |     4 ||    34
  Use: Potion            |       |     3 |     1 ||     4
       Scroll            |       |       |     5 ||     5
 Stab: Sleeping          |     3 |     5 |       ||     8
Armor: Skin              |     2 |    63 |       ||    65
Dodge: Dodged            |    65 |    89 |    22 ||   176
Block: Other             |       |    32 |     7 ||    39
       Reflection        |       |     1 |       ||     1

Table legend: (Time is in decaauts)
 A = Elapsed time spent in this place.
 B = Non-inter-level travel time spent in this place.
 C = Inter-level travel time spent in this place.
 D = Time resting spent in this place.
 E = Time spent auto-exploring this place.
 F = Levels seen in this place.
 G = Mean time per level.
                   A        B        C        D        E       F      G
               +--------+--------+--------+--------+--------+-----+--------+
         Total |   4445 |   4296 |    149 |     90 |   3325 |   6 |  740.8 |
       Dungeon |   4422 |   4273 |    149 |     90 |   3314 |   5 |  884.4 |
        Temple |     22 |     22 |      0 |      0 |     11 |   1 |   22.0 |
               +--------+--------+--------+--------+--------+-----+--------+

Top non-repeatable levels by time:
     D:4: 1341 daAuts
     D:1: 1110 daAuts
     D:3: 1082 daAuts
     D:2: 849 daAuts
     D:5: 37 daAuts
  Temple: 22 daAuts
